 Dungeon Crawl Stone Soup version 0.27.1-35-g4d5d836560 (console) character file.

Game seed: 1201404923770641937

23773 grimtooth the Distorting Ant (level 13, -3/103 HPs)
             Began as a Formicid Abyssal Knight on Dec 19, 2022.
             Was a Believer of Lugonu.
             Slain by a troll (5 damage)
             ... on level 11 of the Dungeon on Dec 20, 2022.
             The game lasted 01:52:43 (21971 turns).

grimtooth the Distorting Ant (FoAK)                Turns: 21971, Time: 01:52:45

Health: -3/103     AC: 12    Str: 21    XL:     13   Next: 37%
Magic:  32/32      EV: 11    Int: 13    God:    Lugonu [**....]
Gold:   458        SH:  5    Dex:  8    Spells: 12/12 levels left

rFire    + . .     SeeInvis +   a - +4 flail (freeze)
rCold    . . .     Faith    .   (no shield)
rNeg     . . .     Spirit   .   V - +0 scale mail
rPois    .         Reflect  +   (helmet unavailable)
rElec    .         Harm     .   y - +2 cloak
rCorr    .         Rampage  .   (no gloves)
Will     +....                  (no boots)
Stlth    ..........             O - amulet of reflection
HPRegen  0.27/turn              F - ring of magical power
MPRegen  0.23/turn              T - ring of protection from fire

@: no status effects
A: permanent stasis, dig shafts and tunnels, antennae 3, four strong arms,
clumsy 1
a: Dig, Shaft Self, Renounce Religion, Depart the Abyss, Bend Space


You were on level 11 of the Dungeon.
You worshipped Lugonu.
Lugonu was pleased with you.
You visited 2 branches of the dungeon, and saw 13 of its levels.
You visited the Abyss 1 time.

You collected 578 gold pieces.
You spent 120 gold pieces at shops.

Inventory:

Hand Weapons
 a - a +4 flail of freezing (weapon)
 b - a +0 hunting sling
 e - a +6 spear of freezing
 r - a +2 short sword of electrocution
Missiles
 q - 63 sling bullets
 v - a curare-tipped dart
 x - 4 stones
 B - 10 boomerangs (quivered)
Armour
 y - a +2 cloak (worn)
 V - a +0 scale mail (worn)
Jewellery
 F - a ring of magical power (left hand)
 O - an amulet of reflection (around neck)
 T - a ring of protection from fire (right hand)
Wands
 f - a wand of paralysis (10)
 E - a wand of iceblast (18)
 I - a wand of polymorph (7)
 M - a wand of acid (7)
Scrolls
 g - 2 scrolls of fog {unknown}
 h - 3 scrolls of blinking {unknown}
 i - a scroll of magic mapping {unknown}
 l - a scroll of fear {unknown}
 m - a scroll of brand weapon {unknown}
 s - 2 scrolls of noise {unknown}
 z - a scroll of silence {unknown}
 C - a scroll of amnesia {unknown}
 G - 2 scrolls of enchant armour {unknown}
 H - a scroll of enchant weapon
 J - a scroll of summoning
 U - 2 scrolls of immolation {unknown}
Potions
 c - a potion of resistance
 d - 2 potions of flight {unknown}
 j - 2 potions of degeneration {unknown}
 k - 2 potions of heal wounds {unknown}
 u - a potion of brilliance
 A - a potion of invisibility
 D - 3 potions of mutation {unknown}
 K - 2 potions of might
 L - a potion of lignification
 N - a potion of berserk rage {unknown}
 Q - 6 potions of ambrosia
Miscellaneous
 P - a tin of tremorstones (2/2)


   Skills:
 * Level 10.0 Fighting
 - Level 6.0 Short Blades
 * Level 7.4 Maces & Flails
 - Level 12.0 Armour
 - Level 6.0 Dodging
 + Level 14.2 Invocations


You had 12 spell levels left.
You didn't know any spells.
Your spell library contained the following spells:

 Spells                   Type           Power      Damage    Failure   Level
 Passwall                 Tmut/Erth      0%         N/A       71%         2
 Slow                     Hex            0%         N/A       71%         2
 Confusing Touch          Hex            0%         N/A       90%         3
 Conjure Flame            Conj/Fire      0%         6-21      90%         3
 Ignite Poison            Fire/Tmut/Pois 0%         N/A       90%         3
 Vampiric Draining        Necr           0%         2d6       90%         3
 Sticky Flame             Conj/Fire      0%         2d3       100%        4
 Summon Forest            Summ/Tloc      0%         N/A       100%        5
 Eringya's Noxious Bog    Tmut/Pois      0%         N/A       100%        6
 Invisibility             Hex            0%         N/A       100%        6
 Summon Hydra             Summ           0%         N/A       100%        7
 Swiftness                Air            Unusable   N/A       N/A         3

Dungeon Overview and Level Annotations

Branches:
Dungeon (11/15)            Temple (0/1) D:7            Lair (2/6) D:8
    Orc (0/2) D:11
  Swamp: Lair:2-4    Shoals: Lair:2-4     Snake: Lair:2-4    Spider: Lair:2-4

Altars:
Ashenzari
Fedhas

Shops:
D:5 [   D:7 *

Annotations:
D:11 Psyche
Abyss:1 Erica, Fannar


Innate Abilities, Weirdness & Mutations

You cannot be hasted, slowed, berserked, paralysed or teleported.
You can dig through walls and to a lower floor.
You have a pair of large antennae on your head. (SInv)
Your four strong arms can wield two-handed weapons with a shield.
You are clumsy. (Dex -2)


Message History

Aim: a troll (60% to hit)
You throw a boomerang. The boomerang hits the troll.
The troll is lightly wounded.
Throw: 10 boomerangs
Press: ? - help, Q - select action, (/) - cycle Shift-Dir - straight line, f/p - troll
Aim: a troll (60% to hit)
You throw a boomerang. The boomerang barely misses the troll.
Throw: 10 boomerangs
Press: ? - help, Q - select action, (/) - cycle Shift-Dir - straight line, f/p - troll
Aim: a troll (60% to hit)
You throw a boomerang. The boomerang hits the troll.
The troll is lightly wounded.
You sock the troll! You freeze the troll.
The troll is moderately wounded.
You block the troll's attack. The troll closely misses you. x2
You closely miss the troll.
The troll is moderately wounded.
The troll barely misses you. You block the troll's attack.
The troll barely misses you.
You sock the troll! You freeze the troll.
The troll is heavily wounded.
The troll bites you. The troll barely misses you. x2
You thump the troll! You freeze the troll.
The troll is severely wounded.
The troll bites you!
* * * LOW HITPOINT WARNING * * *
The troll barely misses you. The troll claws you!
* * * LOW HITPOINT WARNING * * *
You hit the troll. You freeze the troll.
The troll is almost dead.
The troll closely misses you. x2; The troll claws you!
* * * LOW HITPOINT WARNING * * *
You barely miss the troll.
The troll is severely wounded.
The troll bites you!
* * * LOW HITPOINT WARNING * * *
The troll claws you!
* * * LOW HITPOINT WARNING * * *
The troll claws you.
You die...

#........ #........
######........
.............#.
...........P..#. {
.............#.# #
.............#.## ##?#
..............#..##..#..
##.#
######.........##..##...
###.. # #.........T@.......
#....# # #..................
##.#..{ #
#....##..##.#...... #....#{
#
#...#..##..#.#.....###...#.{
#
#..#.##..##.#.#...##......#{
. ....#.#####
#.#...###.....#.#
.........#. #(#..##..###..#.
........# #.## #.#.##.#.#
##..# #T....... ..##
.#..#.#...####.. #......P.
.##..##.K##...........
#........
.........#..#.#.#.#.#.


You could see a troll.

Vanquished Creatures
  Erolcha (D:10)
  2 two-headed ogres (D:10)
  Nergalle (D:11)
  Pikel (D:5)
  A cyclops (D:11)
  2 centaur zombies
  2 unseen horrors
  3 cane toads
  A rime drake (Lair:1)
  2 kobold demonologists
  3 komodo dragons
  An efreet (D:11)
  5 trolls
  A queen bee (D:11)
  A hornet (D:10)
  A blink frog (Lair:1)
  Grinder (D:5)
  2 wraiths
  2 wyverns
  2 shadows
  14 yaks
  Duvessa (D:5)
  4 water moccasins
  An acid dragon (D:11)
  5 black bears
  5 orc warriors
  A necrophage (D:5)
  2 sky beasts
  4 ogres
  6 centaurs
  A lemure (D:4)
  A phantom (D:3)
  9 bullfrogs
  A kobold brigand (D:10)
  6 scorpions
  A gnoll sergeant (D:5)
  A wyvern zombie (D:5)
  Dowan (D:5)
  A wyvern skeleton (D:6)
  32 killer bees
  13 wights
  4 howler monkeys
  A jelly (D:6)
  2 centaur skeletons (D:7)
  Crazy Yiuf (D:5)
  5 orc priests
  A hound (D:4)
  A bullfrog skeleton (D:5)
  4 iguanas
  5 hell rats (Lair:2)
  11 orc wizards
  A killer bee zombie (D:8)
  A howler monkey zombie (D:9)
  Robin (D:3)
  9 gnolls
  11 adders
  2 white imps
  2 worms (D:2)
  2 dart slugs
  43 orcs
  5 ball pythons
  5 endoplasms
  4 giant cockroaches
  17 goblins
  10 hobgoblins
  6 jackals
  5 kobolds
  6 quokkas
  4 bats
  3 frilled lizards
  7 rats
324 creatures vanquished.

Vanquished Creatures (others)
  46 fungi
  45 plants
91 creatures vanquished.

Grand Total: 415 creatures vanquished

Notes
Turn   | Place    | Note
-------+----------+-------------------------------------------
     0 | Abyss:1  | grimtooth the Formicid Abyssal Knight began the quest for
                  | the Orb.
     0 | Abyss:1  | Reached XP level 1. HP: 18/18 MP: 2/2
    20 | Abyss:1  | Noticed a shadow
    27 | D:1      | Escaped the Abyss
   196 | D:1      | Reached XP level 2. HP: 17/24 MP: 3/3
   415 | D:1      | Reached XP level 3. HP: 11/29 MP: 5/5
   548 | D:1      | Reached ** piety under Lugonu
   981 | D:1      | Reached skill level 3 in Invocations
  1327 | D:2      | Reached skill level 1 in Short Blades
  1327 | D:2      | Reached XP level 4. HP: 29/35 MP: 6/6
  1341 | D:2      | - well shit
  1903 | D:2      | Found a broken altar of Ashenzari.
  1955 | D:2      | Reached XP level 5. HP: 33/41 MP: 7/7
  2004 | D:2      | Noticed a black bear
  2014 | D:2      | Killed a black bear
  2015 | D:2      | Reached skill level 4 in Invocations
  2015 | D:2      | Reached XP level 6. HP: 42/47 MP: 7/9
  2539 | D:3      | Noticed an ogre
  2833 | D:3      | Noticed Robin
  2879 | D:3      | Reached *** piety under Lugonu
  3036 | D:3      | Killed Robin
  3085 | D:3      | Killed an ogre
  3086 | D:3      | Reached skill level 5 in Invocations
  3086 | D:3      | Reached XP level 7. HP: 28/52 MP: 10/10
  3417 | D:4      | Reached skill level 5 in Short Blades
  4248 | D:4      | Reached skill level 6 in Invocations
  4248 | D:4      | Reached XP level 8. HP: 58/58 MP: 12/12
  4346 | D:5      | Entered Level 5 of the Dungeon
  4358 | D:5      | Noticed Pikel
  4447 | D:5      | Reached **** piety under Lugonu
  4499 | D:5      | Killed Pikel
  4500 | D:5      | Reached skill level 7 in Invocations
  4865 | D:5      | Found a runed translucent door.
  4866 | D:5      | Noticed Crazy Yiuf
  4952 | D:5      | Reached XP level 9. HP: 71/71 MP: 14/14
  5121 | D:5      | Reached skill level 8 in Invocations
  5129 | D:5      | Noticed Duvessa
  5931 | D:6      | Found a blossoming altar of Fedhas.
  6019 | D:6      | Reached skill level 9 in Invocations
  7022 | D:7      | Reached skill level 10 in Invocations
  7022 | D:7      | Reached XP level 10. HP: 62/77 MP: 17/17
  7119 | D:7      | Reached skill level 1 in Dodging
  7223 | D:7      | Found a staircase to the Ecumenical Temple.
  7356 | D:7      | Found Hatrolopn's Assorted Antiques.
  7605 | D:8      | Noticed Erica
  7614 | D:8      | Banished Erica
  7685 | D:8      | Noticed a gargoyle
  7900 | D:8      | Reached skill level 5 in Armour
  7930 | D:8      | Banished a gargoyle
  7998 | D:8      | Found a staircase to the Lair.
  8738 | D:9      | Reached skill level 5 in Dodging
  8738 | D:9      | Reached XP level 11. HP: 23/89 MP: 19/19
  9410 | D:8      | HP: 3/75 [poisoned by a killer bee]
  9412 | D:8      | Reached skill level 11 in Invocations
 10735 | D:10     | Entered Level 10 of the Dungeon
 11132 | D:10     | Noticed Fannar
 11153 | D:10     | Banished Fannar
 11826 | D:10     | Noticed Erolcha
 11861 | D:10     | Killed Erolcha
 12148 | D:10     | Noticed a brown ugly thing
 12155 | D:10     | Banished a brown ugly thing
 12528 | D:5      | Noticed Dowan
 12548 | D:5      | Killed Duvessa
 12551 | D:5      | Killed Dowan
 13075 | D:5      | Noticed Grinder
 13086 | D:5      | Killed Grinder
 13101 | D:5      | Found Izigg's Antique Armour Shoppe.
 13401 | D:5      | Killed Crazy Yiuf
 13642 | D:10     | Noticed a two-headed ogre
 13645 | D:10     | Reached skill level 12 in Invocations
 13977 | D:10     | Killed a two-headed ogre
 13978 | D:10     | Reached XP level 12. HP: 40/95 MP: 21/21
 14122 | D:10     | Reached skill level 10 in Armour
 14205 | D:11     | Gained mutation: You are clumsy. (Dex -2) [a neqoxec]
 14860 | D:7      | Bought a scroll labelled ISYCAT XUAMAMP for 30 gold pieces
 14860 | D:7      | Bought a potion of curing for 90 gold pieces
 14897 | Lair:1   | Entered Level 1 of the Lair of Beasts
 15772 | Lair:1   | You fall into a shaft and drop 1 floor!
 17566 | Lair:2   | Noticed an eight-headed hydra
 17572 | Lair:2   | Banished an eight-headed hydra
 17573 | Lair:2   | Reached skill level 13 in Invocations
 17612 | Lair:1   | Reached skill level 5 in Maces & Flails
 17625 | Lair:1   | - not good
 17669 | Lair:1   | Noticed a six-headed hydra
 18324 | D:11     | Noticed Nergalle
 18342 | D:11     | Killed Nergalle
 18598 | D:11     | Found a staircase to the Orcish Mines.
 18746 | D:11     | Noticed a two-headed ogre
 18789 | D:10     | Killed a two-headed ogre
 19027 | D:11     | Reached XP level 13. HP: 58/101 MP: 23/23
 19427 | D:11     | Noticed Psyche
 20032 | D:10     | Reached skill level 14 in Invocations
 20492 | D:10     | HP: 4/101 [poisoned by a killer bee]
 21765 | D:11     | Reached skill level 10 in Fighting
 21971 | D:11     | HP: 2/103 [troll (7)]
 21971 | D:11     | Slain by a troll

Illustrated notes

### #### ... ..#
..##.##.##############
.S......#............#
..................)..#
......#.#.#########..#
..... #.#.# #..# ..#.
#S#.# #..# . # #@#.#
######..# #.#.#
#.......#
#....###.#####.#
.#.#...#.# #.# # ..
#.#.# #.# #.##.#.# #.#
#.##.#.#####.#
.............#
#.###.#..######
#.....†.# #.###.##.#


Turn 1341 on D:2: - well shit . . # # ..... . ###........ ####....$....
#.#.......... ##.........# ##..........# #..........# #@YY...# #....>.#
#......## .......#...†## .......#..##.# .......######## .......# ....(#.#
..P.#.# .## # Turn 17625 on Lair:1: - not good

Levels and vault maps discovered:
D:1:      pf_arrival_petrified_forest, layout_basic
D:2:      layout_loops_ring, basic_altar
D:3:      layout_basic, grunt_ministairs_15, uniq_robin
D:4:      layout_basic
D:5:      layout_loops_corners, serial_shops, shop, uniq_pikel, uniq_grinder,
          uniq_duvessa, uniq_crazy_yiuf_cottage
D:6:      minmay_flawed_box, layout_basic, overflow_temple_1_default
D:7:      layout_cave_pools, minmay_temple_entry_hall, serial_rivers,
          chequers_serial_rivers_micro_c, chequers_serial_rivers_micro_d,
          chequers_serial_rivers_small_b, chequers_serial_rivers_marsh,
          chequers_serial_rivers_small_3, serial_shops, shop
D:8:      layout_gridville, due_lair_maze_entry_diamond, minmay_misc_feat_five,
          uniq_erica
D:9:      layout_grid_maze
D:10:     layout_basic, wad_rectangle_vault, uniq_erolcha, uniq_fannar
D:11:     regret_index_bee_streams, layout_irregular_city, david_orc_2,
          uniq_psyche, uniq_nergalle
Lair:1:   layout_cave_shapes
Lair:2:   layout_cave_pods, basic_altar, minivault_27,
          nicolae_quartered_pool_medium, uniq_gastronok

Skill      XL: |  1  2  3  4  5  6  7  8  9 10 11 12 13 |
---------------+----------------------------------------+-----
Maces & Flails | 3 4 6 7 |  7.4
Invocations    | 3 4 5 6 7 10 12 13 14 | 14.2
Short Blades   | 1 2 3 4 6 |  6.0
Fighting       | 6 9 10 | 10.0
Dodging        | 5 6 |  6.0
Armour         | 6 9 12 | 12.0

Action                   |  1- 3 |  4- 6 |  7- 9 | 10-12 | 13-15 || total
-------------------------+-------+-------+-------+-------+-------++-------
Melee: Mace              |    34 |       |       |       |       ||    34
       Short sword       |    48 |   147 |   288 |   671 |   157 ||  1311
       Unarmed           |       |     3 |       |       |       ||     3
       Hunting sling     |       |       |       |    41 |       ||    41
       Spear             |       |       |       |    75 |       ||    75
       Flail             |       |       |       |    21 |    29 ||    50
 Fire: Hunting sling     |       |       |    16 |    51 |     2 ||    69
Throw: Stone             |       |     9 |    15 |       |       ||    24
       Dart              |       |       |     8 |    62 |     4 ||    74
       Javelin           |       |       |       |     1 |       ||     1
       Boomerang         |       |       |       |    13 |    10 ||    23
Invok: Bend Space        |       |     1 |     4 |    19 |     6 ||    30
       Banish            |       |       |       |    11 |    10 ||    21
 Abil: Dig               |       |       |     3 |    13 |     6 ||    22
       Shaft Self        |       |       |       |     1 |       ||     1
Evoke: Wand              |       |       |     3 |    16 |       ||    19
  Use: Potion            |       |     2 |       |     6 |     3 ||    11
       Scroll            |       |       |     5 |     5 |       ||    10
Armor: Leather armour    |    15 |       |       |       |       ||    15
       Ring mail         |     3 |    38 |    87 |   116 |       ||   244
       Skin              |       |     7 |       |       |       ||     7
       Scale mail        |       |       |       |   139 |    93 ||   232
Dodge: Dodged            |    51 |    52 |   111 |   387 |   137 ||   738
Block: Other             |       |       |       |   109 |    53 ||   162
       Reflection        |       |       |       |     4 |       ||     4
